 Dungeon Crawl Stone Soup version 0.13-a0-2527-g93fcdc4 (webtiles) character file.

466 M4edhros the Sneak (level 6, -2/39 HPs)
             Began as an Octopode Artificer on July 25, 2013.
             Slain by an orc warrior
             ... wielding a +0,+0 orcish flail
              (12 damage)
             ... on Level 6 of the Dungeon.
             The game lasted 00:05:43 (3934 turns).

M4edhros the Sneak (Octopode Artificer)             Turns: 3934, Time: 00:05:44

HP  -2/39        AC  1     Str 10      XL: 6   Next: 50%
MP   9/9         EV 12     Int 14 (16) God:
Gold 137         SH  0     Dex 13      Spells:  0 memorised,  5 levels left

Res.Fire  : . . .   See Invis. : .   l - +0 elf short sword (curse)
Res.Cold  : . . .   Warding    : .   (no shield)
Life Prot.: . . .   Conserve   : .   (helmet restricted)
Res.Poison: .       Res.Corr.  : .   (no amulet)
Res.Elec. : .       Clarity    : +   (no ring)
Sust.Abil.: . .     Spirit.Shd : .   (no ring)
Res.Mut.  : .       Stasis     : .   (no ring)
Res.Rott. : .       Flight     : .   (no ring)
Saprovore : . . .                    (no ring)
                                     (no ring)
                                     (no ring)
                                     (no ring)

@: slightly resistant to hostile enchantments, very stealthy
A: almost no armour, amphibious, 8 rings, constrict 8, camouflage 1, clarity, AC
+1
a: no special abilities


You were on level 6 of the Dungeon.
You were not hungry.

You visited 1 branch of the dungeon, and saw 6 of its levels.

You collected 117 gold pieces.

Inventory:

Hand weapons
 a - a +0,+0 short sword
 l - a cursed +0,+0 elven short sword (weapon)
Missiles
 n - 21 sling bullets
Magical devices
 b - a wand of flame (8)
 c - a wand of enslavement (11)
 d - a wand of random effects (15)
Comestibles
 f - a bread ration
 s - a lychee
 t - an apricot
Scrolls
 g - a scroll of fear
 h - a scroll of identify
 j - 2 scrolls of noise
 o - a scroll of teleportation
 u - a scroll of enchant weapon I
Potions
 e - a potion of agility
 i - 3 potions of curing


   Skills:
 - Level 1.0 Fighting
 + Level 3.5 Short Blades
 - Level 2.0 Dodging
 * Level 7.6 Stealth
 - Level 3.2 Evocations


You had 5 spell levels left.
You didn't know any spells.

Dungeon Overview and Level Annotations

Branches:
Dungeon (6/27)             Temple (0/1) D:5
    Orc: D:6-11

Altars:
Ashenzari
Xom

Annotations
D:2 Sigmund


Innate Abilities, Weirdness & Mutations

You cannot wear most types of armour.
You are amphibious.
You can wear up to eight rings at the same time.
You can use your tentacles to constrict many enemies at once.
Your skin changes colour to match your surroundings (Stlth).
Your rubbery body absorbs attacks (AC +1).
You possess an exceptional clarity of mind.


Message History

An ogre is nearby!
Found a garnet ring. 2 orcs come into view.
The orc warrior shouts!
The ogre shouts!
The orc shouts!
The orc warrior throws an orcish dagger.
The orcish dagger misses you.
You hit the ogre.
The ogre is lightly wounded.
The ogre hits you with a giant club!
An orc priest comes into view.
The orc priest calls down the wrath of Beogh upon you.
Something smites you!
* * * LOW HITPOINT WARNING * * *
Evoke which item? (* to show all) (? for menu, Esc to quit)
Zapping:
c - a wand of enslavement (12)
Press: ? - help, Shift-Dir - straight line, f - orc warrior
Aim: an orc warrior, wielding an orcish flail and wearing an orcish plate armour The orc warrior struggles to resist.
This wand has 11 charges left.
The orc warrior hits you with an orcish flail!
You die...

###.#.# #.#
#.# #.....#
#.# #.#
####### #.#
#.# #.# #.#
#.# #.# #.#
#.# #.# #.#
#.# #@# #o#
#O# ######
#o##.......
#.o........
#).........
#.o..#####'
#....#
#...=..


You could see an orc warrior, an ogre, an orc priest and 2 orcs.

Vanquished Creatures
  A goliath beetle (D:6)
  A hound (D:5)
  A crimson imp (D:5)
  2 orc wizards (D:5)
  A worker ant (D:5)
  A hound skeleton (D:5)
  A jelly (D:6)
  4 adders
  2 worms
  2 giant geckos
  10 orcs
  4 bats
  A bat skeleton (D:5)
  A giant cockroach (D:5)
  5 goblins
  9 hobgoblins
  6 jackals
  8 kobolds
  A quokka (D:4)
  3 giant newts
  5 rats
69 creatures vanquished.

Vanquished Creatures (collateral kills)
  An orc (D:6)
1 creature vanquished.

Grand Total: 70 creatures vanquished

Notes
Turn   | Place    | Note
--------------------------------------------------------------
     0 | D:1      | M4edhros, the Octopode Artificer, began the quest for the Orb.
     0 | D:1      | Reached XP level 1. HP: 14/14 MP: 1/1
   141 | D:1      | Reached XP level 2. HP: 10/19 MP: 3/3
   812 | D:2      | Reached XP level 3. HP: 22/24 MP: 4/4
   850 | D:2      | Reached skill level 4 in Stealth
   873 | D:2      | Noticed Sigmund
   948 | D:2      | Reached XP level 4. HP: 27/29 MP: 6/6
  1119 | D:3      | Found a shattered altar of Ashenzari.
  1157 | D:3      | Gained mutation: You possess an exceptional clarity of mind. [potion of beneficial mutation]
  1450 | D:5      | Entered Level 5 of the Dungeon
  1662 | D:5      | Found a shimmering altar of Xom.
  1707 | D:5      | Reached skill level 5 in Stealth
  2224 | D:5      | Reached XP level 5. HP: 21/34 MP: 7/7
  2534 | D:5      | Reached skill level 6 in Stealth
  2946 | D:5      | Reached XP level 6. HP: 29/39 MP: 9/9
  3118 | D:5      | Found a staircase to the Ecumenical Temple.
  3154 | D:5      | Reached skill level 7 in Stealth
  3246 | D:6      | Noticed an orc warrior
  3921 | D:6      | Noticed an ogre
  3934 | D:6      | Slain by an orc warrior

Action                   |  1- 3 |  4- 6 || total
-------------------------+-------+-------++-------
Melee: Short sword       |    48 |   144 ||   192
Evoke: Wand              |       |    11 ||    11
  Use: Potion            |       |    11 ||    11
       Scroll            |       |     6 ||     6
 Stab: Sleeping          |     7 |     6 ||    13
